 Dungeon Crawl Stone Soup version 0.26.1 (webtiles) character file.

Game seed: 3468575530453903134

100 OdinFK the Conjurer (level 4, -11/34 HPs)
             Began as a Demigod Hedge Wizard on Feb 6, 2021.
             Killed from afar by an orc (18 damage)
             ... with a bolt of acid
             ... on level 4 of the Dungeon.
             The game lasted 00:14:19 (2064 turns).

OdinFK the Conjurer (Demigod Hedge Wizard)          Turns: 2064, Time: 00:14:20

Health: -11/34     AC:  3    Str: 13    XL:     4   Next: 23%
Magic:  1/10       EV: 12    Int: 20    God:
Gold:   154        SH:  0    Dex: 15    Spells: 3/8 levels left

rFire    . . .     SeeInvis .   n - +0 short sword
rCold    . . .     Faith    .   (no shield)
rNeg     . . .     Spirit   .   b - +0 robe
rPois    .         Reflect  .   c - +0 hat
rElec    .         Harm     .   (no cloak)
rCorr    .         Rampage  .   m - +0 pair of gloves
Will     .....                  (no boots)
Stlth    ++........             (no amulet)
HPRegen  0.11/turn              (no ring)
MPRegen  0.12/turn              (no ring)

@: about to teleport
A: high mp 1
a: no special abilities


You were on level 4 of the Dungeon.
You visited 1 branch of the dungeon, and saw 4 of its levels.

You collected 154 gold pieces.

Inventory:

Hand Weapons
 n - a +0 short sword (weapon)
Armour
 b - a +0 robe (worn)
 c - a +0 hat (worn)
 j - a +0 tower shield of cold resistance
 l - a +0 leather armour
 m - a +0 pair of gloves (worn)
Magical Staves
 p - an uncursed staff of fire
Jewellery
 o - an uncursed amulet of faith {unknown}
Wands
 r - a wand of flame (3)
Scrolls
 e - a scroll of enchant weapon {unknown}
 h - a scroll of noise {unknown}
 i - 4 scrolls of identify
 q - a scroll of random uselessness {unknown}
 s - a scroll of remove curse {unknown}
 t - a scroll of teleportation
 u - a scroll of amnesia {unknown}
 M - 3 scrolls of magic mapping
Potions
 a - 2 potions of flight {unknown}
 d - a potion of invisibility {unknown}
 f - 2 potions of resistance {unknown}
 k - 2 potions of attraction {unknown}


   Skills:
 + Level 0.9 Fighting
 - Level 2.0 Dodging
 - Level 1.7 Stealth
 - Level 2.6 Spellcasting
 + Level 2.8 Conjurations
 + Level 2.2 Summonings
 - Level 1.0 Translocations


You had 3 spell levels left.
You knew the following spells:

 Your Spells              Type           Power        Failure   Level
a - Magic Dart            Conj           56%          4%          1
b - Call Imp              Summ           11%          9%          2
c - Blink                 Tloc           N/A          14%         2

Your spell library contained the following spells:

 Spells                   Type           Power        Failure   Level
 Slow                     Hex            2%           22%         2
 Conjure Flame            Conj/Fire      8%           24%         3
 Mephitic Cloud           Conj/Pois/Air  6%           30%         3


Dungeon Overview and Level Annotations

Branches:
Dungeon (4/15)
 Temple: D:4-7


Innate Abilities, Weirdness & Mutations

You have an increased reservoir of magic. (+10% MP)


Message History

Your white imp dies!
Press: ? - help, v - describe, . - travel
Here: an orc, wielding a +0 club and carrying a wand of acid (7) (heavily wounded)
The floor.
Unknown command.
The orc zaps a wand.
The bolt of acid hits your iron imp!
Your iron imp is splashed with acid.
The acid corrodes your iron imp!
Your iron imp dies!
The bolt of acid hits you!!
Ouch! That really hurt!
You are splashed with acid!
* * * LOW HITPOINT WARNING * * *
Press: ? - help, . - travel You can't see that place. [the floor.]
As you read the scroll of teleportation, it crumbles to dust.
You feel strangely unstable.
The orc zaps a wand.
The bolt of acid hits you!!
Ouch! That really hurt!
You die...

########.......#######
...............##.)..##
####...................#
..........#####.#.##...
##.......#####...###
###.#'#.##....#...#
#...#.##.##.#.#.#
#.####.#.#.........# ..
#......#.####@#...## ..#
#####..#.# #.#o..# .#
#...#..#.####.#...# #
#.#.#....#<...o...#
#.#.....#####.#####
#.####..# #.#
#.......#####.#
#######......(#
#########


You could see an orc.

Vanquished Creatures
  An orc wizard (D:3)
  A dart slug (D:2)
  2 leopard geckos
  2 orcs (D:3)
  A ball python (D:1)
  4 bats
  2 giant cockroaches
  2 goblins
  7 hobgoblins
  2 jackals (D:3)
  4 kobolds
  A quokka (D:3)
  5 frilled lizards
  10 rats
44 creatures vanquished.

Vanquished Creatures (collateral kills)
  A scorpion (D:2)
  A white imp (D:3)
  2 orcs (D:3)
  A goblin (D:3)
  A hobgoblin (D:2)
  A jackal (D:3)
  A ball python (D:2)
  A kobold (D:2)
9 creatures vanquished.

Grand Total: 53 creatures vanquished

Notes
Turn   | Place    | Note
-------+----------+-------------------------------------------
     0 | D:1      | OdinFK the Demigod Hedge Wizard began the quest for the
                  | Orb.
     0 | D:1      | Reached XP level 1. HP: 14/14 MP: 6/6
    39 | D:1      | Reached skill level 1 in Conjurations
   223 | D:1      | Reached XP level 2. HP: 18/20 MP: 4/8
   327 | D:1      | Learned a level 2 spell: Call Imp
   361 | D:1      | Reached skill level 1 in Summonings
   793 | D:2      | Noticed a scorpion
   819 | D:2      | Learned a level 2 spell: Blink
   942 | D:2      | Reached XP level 3. HP: 25/26 MP: 7/9
  1157 | D:2      | Killed a scorpion
  1158 | D:2      | Reached skill level 1 in Translocations
  1255 | D:3      | Found a blossoming altar of Fedhas.
  1255 | D:3      | Found an ancient bone altar of Kikubaaqudgha.
  1658 | D:3      | Reached XP level 4. HP: 19/34 MP: 1/10
  1769 | D:3      | Found a glowing golden altar of the Shining One.
  2064 | D:4      | Killed from afar by an orc

Illustrated notes

Levels and vault maps discovered:
D:1:      minmay_arrival_nine_rooms, layout_rooms, minmay_small_reverse_x
D:2:      layout_rooms
D:3:      layout_loops_cross, grunt_temple_overflow_growth_and_decay,
          nicolae_tso_swordbearing_angel
D:4:      layout_basic

Skill      XL: |  1  2  3 |
---------------+----------+-----
Conjurations   | 1 2 |  2.8
Dodging        | 2 |  2.0
Summonings     | 1 2 |  2.2
Translocations | 1 |  1.0
Fighting       | |  0.9
Stealth        | |  1.7
Spellcasting   | |  2.6

Action                   |  1- 3 |  4- 6 || total
-------------------------+-------+-------++-------
Melee: Dagger            |    31 |       ||    31
       Short sword       |    45 |     8 ||    53
 Cast: Magic Dart        |    75 |     1 ||    76
       Call Imp          |    11 |     8 ||    19
  Use: Scroll            |       |     3 ||     3
 Stab: Sleeping          |     3 |     2 ||     5
       Distracted        |     1 |       ||     1
Armor: Robe              |    19 |       ||    19
Dodge: Dodged            |    55 |     8 ||    63
